 Dungeon Crawl Stone Soup version 0.28-a0-1545-g945cd3f27e (webtiles) character file.

Game seed: 4518319639288829826

116 BritishOli the Chopper (level 4, -6/34 HPs)
             Began as a Demonspawn Gladiator on Jan 18, 2022.
             Splashed by a jelly's acid (8 damage)
             ... on level 3 of the Dungeon.
             The game lasted 00:01:13 (2026 turns).

BritishOli the Chopper (Demonspawn Gladiator)       Turns: 2026, Time: 00:01:14

Health: -6/34      AC: -3    Str: 17    XL:     4   Next: 70%
Magic:  4/4        EV: 15    Int:  9    God:
Gold:   33         SH:  0    Dex: 14    Spells: 3/3 levels left

rFire   . . .      SeeInvis .   a - +0 war axe
rCold   . . .      Faith    .   (no shield)
rNeg    . . .      Spirit   .   b - +0 leather armour
rPois   .          Reflect  .   c - +0 helmet
rElec   .          Harm     .   (no cloak)
rCorr   .          Rampage  .   (no gloves)
Will    .....                   f - +0 pair of boots
Stlth   +.........              (no amulet)
HPRegen 0.11/turn               (no ring)
MPRegen 0.09/turn               (no ring)

@: corroded
A: repulsion field 2, powered by pain 1
a: no special abilities


You were on level 3 of the Dungeon.
You visited 1 branch of the dungeon, and saw 3 of its levels.

You collected 33 gold pieces.

Inventory:

Hand Weapons
 a - a +0 war axe (weapon)
Missiles
 d - 3 throwing nets (quivered)
Armour
 b - a +0 leather armour (worn)
 c - a +0 helmet (worn)
 f - a +0 pair of boots (worn)
Jewellery
 m - an amulet of the acrobat
Wands
 i - a wand of paralysis (10)
Scrolls
 e - a scroll of torment {unknown}
 k - a scroll of vulnerability {unknown}
 l - a scroll of brand weapon {unknown}
Potions
 g - a potion of flight {unknown}
 h - 2 potions of curing {unknown}
 j - a potion of ambrosia {unknown}


   Skills:
 + Level 2.9 Fighting
 + Level 3.4 Axes
 + Level 2.7 Throwing
 + Level 3.3 Dodging


You had 3 spell levels left.
You didn't know any spells.
Your spell library was empty.

Dungeon Overview and Level Annotations

Branches:
Dungeon (3/15)

Altars:
Cheibriados


Innate Abilities, Weirdness & Mutations

You are surrounded by a moderate repulsion field. (EV +3)
You sometimes gain a little power by taking damage.


Message History

You kill the goblin!
You hit the orc. The orc barely misses you.
There are monsters nearby!
You hit the orc but do no damage. You punch the orc, but do no damage.
The orc is lightly wounded.
You hit the jelly. The acid corrodes you!
Your hands burn!
The jelly barely misses you. The orc closely misses you.
The jelly barely misses you. The orc closely misses you.
There are monsters nearby!
There are monsters nearby!
You slash the jelly!
Your hands burn!
The jelly is almost dead.
You hit the orc. The jelly hits you.
You are splashed with acid!
The orc barely misses you.
There are monsters nearby!
You hit the jelly but do no damage. The acid corrodes you!
Your hands burn!
The jelly is almost dead.
You hit the orc but do no damage. The jelly barely misses you.
The orc misses you.
There are monsters nearby!
There are monsters nearby!
You hit the jelly but do no damage.
Your hands burn!
The jelly is almost dead.
You hit the orc.
You kill the orc!
The jelly completely misses you. The jelly hits you.
You are splashed with acid!
* * * LOW HITPOINT WARNING * * *
Unknown command.
You are too injured to fight recklessly!
Unknown command.
You are too injured to fight recklessly!
Unknown command.
Unknown command.
There are no items here.
The jelly barely misses you. The jelly hits you.
* * * LOW HITPOINT WARNING * * *
You are splashed with acid!
You die...

.....÷.....###...
...#............#
.##.......###...# .
##.........#....# ..
.#..............##...
.#.........##.......
................#
...[........#...###
..........###...@)#
..†........##...#J.#
.#.........##....#..#
...........#####.##..#
<#.........# .# #...
.#[........# .# ....
............. .. ###
.......>...<. ..
.........###


You could see a jelly.

Vanquished Creatures
  4 adders
  A worm (D:2)
  A dart slug (D:3)
  An orc (D:3)
  2 endoplasms
  3 giant cockroaches
  4 goblins
  6 hobgoblins
  6 jackals (D:2)
  5 kobolds
  3 quokkas
  3 ball pythons
  9 bats
  5 frilled lizards
  25 rats
78 creatures vanquished.

Notes
Turn   | Place    | Note
-------+----------+-------------------------------------------
     0 | D:1      | BritishOli the Demonspawn Gladiator began the quest for the
                  | Orb.
     0 | D:1      | Reached XP level 1. HP: 16/16 MP: 1/1
   221 | D:1      | Gained mutation: You are surrounded by a mild repulsion
                  | field. (EV +2) [demonic ancestry]
   221 | D:1      | Reached XP level 2. HP: 22/22 MP: 2/2
   849 | D:2      | Found a faded altar of an unknown god.
   866 | D:2      | Gained mutation: You are surrounded by a moderate repulsion
                  | field. (EV +3) [demonic ancestry]
   866 | D:2      | Reached XP level 3. HP: 18/28 MP: 3/3
  1416 | D:2      | Gained mutation: You sometimes gain a little power by
                  | taking damage. [demonic ancestry]
  1416 | D:2      | Reached XP level 4. HP: 34/34 MP: 4/4
  1915 | D:3      | Found a snail-covered altar of Cheibriados.
  2026 | D:3      | Splashed by a jelly's acid

Illustrated notes

Levels and vault maps discovered:
D:1:      heliophobic_arrival_henge, layout_basic, minmay_pentomino_s2
D:2:      layout_loops_cross, dreamdust_ecumenical_altar_statues,
          minmay_rat_hole
D:3:      layout_rooms, marbit_many_paths

Skill      XL: |  1  2 |
---------------+-------+-----
Throwing       | 2 |  2.7
Dodging        | 3 |  3.3
Axes           | 3 |  3.4
Fighting       | |  2.9

Action                   |  1- 3 |  4- 6 || total
-------------------------+-------+-------++-------
Melee: War axe           |   125 |    50 ||   175
       Punch             |     1 |     2 ||     3
 Stab: Sleeping          |     1 |       ||     1
Armor: Leather armour    |    51 |    10 ||    61
Dodge: Dodged            |    95 |    54 ||   149

Table legend: (Time is in decaauts)
 A = Elapsed time spent in this place.
 B = Non-inter-level travel time spent in this place.
 C = Inter-level travel time spent in this place.
 D = Time resting spent in this place.
 E = Time spent auto-exploring this place.
 F = Levels seen in this place.
 G = Mean time per level.
                   A        B        C        D        E       F      G
               +--------+--------+--------+--------+--------+-----+--------+
         Total |   2086 |   2030 |     56 |      0 |   1622 |   3 |  695.3 |
       Dungeon |   2086 |   2030 |     56 |      0 |   1622 |   3 |  695.3 |
               +--------+--------+--------+--------+--------+-----+--------+

Top non-repeatable levels by time:
     D:2: 1030 daAuts
     D:1: 808 daAuts
     D:3: 246 daAuts
